[ PARTIDA AOE2 · #513600512 ]
UnrankedSarracenos vs Dravidians
Equipo del jugador · DERR
Equipo rival · VICT
[ ANÁLISIS DE REPETICIÓN · EXTRAÍDO DE LA PARTIDA GRABADA ]
Feudal
8:50
Castillos
21:19
Imperial
—
| APM promedio | 88.3 |
| APM pico | 161 |
| eAPM promedio | 36.1 |
| Aldeanos / militares | 88 / 66 |
Foco
⚔️ 63.1% · 🌾 36.9%
Archer ×49 · Skirmisher ×11 · Mangonel ×4 · Spearman ×2
Feudal
8:50
Castillos
23:24
Imperial
—
| APM promedio | 102.6 |
| APM pico | 150 |
| eAPM promedio | 50.5 |
| Aldeanos / militares | 72 / 82 |
Foco
⚔️ 71.5% · 🌾 28.5%
Archer ×37 · Skirmisher ×29 · Elephant Archer ×10 · Militia ×3 · Mangonel ×2 · Spearman ×1
Mapa de la partida
Recursos iniciales + cada clic de construcción. Líneas = muros · curvas = relieve. ◆ oro · ⬟ piedra · ● bayas · ✦ reliquia · ◌ hueco del cierre
Tu base· Abierta — hueco de 3t
Base de Kyth· Abierta — flanco sin cerrar
Terreno inicial suavizado · ◌ = hueco del cierre detectado · pasá el cursor para detalles
Inputs por minuto
— Jinko no jutsu - - Kyth
Build order — Jinko no jutsu
Primeras 150 de 258 acciones detectadas
| 0:00 | Encolar | Villager (Male) |
| 0:01 | Encolar | Villager (Male) |
| 0:02 | Construir | House |
| 0:03 | Construir | House |
| 0:18 | Encolar | Villager (Male) |
| 0:18 | Encolar | Villager (Male) |
| 1:25 | Encolar | Villager (Male) |
| 2:01 | Encolar | Villager (Male) |
| 2:04 | Encolar | Villager (Male) |
| 2:05 | Encolar | Villager (Male) |
| 2:07 | Construir | Lumber Camp |
| 2:46 | Encolar | Villager (Male) |
| 3:08 | Encolar | Villager (Male) |
| 3:09 | Encolar | Villager (Male) |
| 3:40 | Encolar | Villager (Male) |
| 3:40 | Encolar | Villager (Male) |
| 3:52 | Construir | House |
| 3:57 | Construir | House |
| 4:00 | Encolar | Villager (Male) |
| 4:00 | Encolar | Villager (Male) |
| 4:14 | Construir | Mill |
| 4:31 | Encolar | Villager (Male) |
| 4:31 | Encolar | Villager (Male) |
| 4:41 | Encolar | Villager (Male) |
| 5:01 | Encolar | Villager (Male) |
| 5:22 | Encolar | Villager (Male) |
| 5:22 | Investigar | Loom |
| 6:40 | Investigar | Feudal Age |
| 6:41 | Investigar | Feudal Age |
| 7:07 | Construir | Barracks |
| 7:38 | Construir | House |
| 7:45 | Encolar | Villager (Male) |
| 8:10 | Construir | Palisade Wall |
| 8:11 | Construir | Palisade Wall |
| 8:11 | Construir | Palisade Wall |
| 8:12 | Construir | Palisade Wall |
| 8:13 | Construir | Palisade Wall |
| 8:14 | Construir | Palisade Wall |
| 8:15 | Construir | Palisade Wall |
| 8:17 | Construir | Palisade Wall |
| 8:18 | Construir | Palisade Wall |
| 8:20 | Construir | Palisade Wall |
| 8:22 | Construir | Palisade Wall |
| 8:23 | Construir | Palisade Wall |
| 8:25 | Construir | Palisade Wall |
| 8:25 | Construir | Palisade Wall |
| 8:27 | Construir | Palisade Wall |
| 8:31 | Construir | Palisade Wall |
| 8:32 | Construir | Palisade Wall |
| 8:50 | Edad | Edad Feudal |
| 9:05 | Construir | Archery Range |
| 9:11 | Encolar | Spearman |
| 9:12 | Investigar | Double-Bit Axe |
| 9:12 | Encolar | Villager (Male) |
| 9:31 | Encolar | Villager (Male) |
| 9:32 | Encolar | Spearman |
| 9:40 | Encolar | Archer |
| 9:56 | Construir | Mining Camp |
| 9:59 | Encolar | Villager (Male) |
| 10:00 | Encolar | Villager (Male) |
| 10:03 | Construir | House |
| 10:19 | Encolar | Villager (Male) |
| 10:26 | Construir | House |
| 10:36 | Encolar | Skirmisher |
| 10:52 | Encolar | Villager (Male) |
| 11:04 | Encolar | Archer |
| 11:08 | Encolar | Villager (Male) |
| 11:23 | Encolar | Skirmisher |
| 11:28 | Construir | Watch Tower |
| 11:43 | Encolar | Skirmisher |
| 11:58 | Construir | Blacksmith |
| 12:14 | Construir | Palisade Wall |
| 12:16 | Construir | Palisade Wall |
| 12:25 | Encolar | Skirmisher |
| 12:26 | Encolar | Villager (Male) |
| 12:26 | Encolar | Villager (Male) |
| 12:31 | Construir | House |
| 12:35 | Encolar | Skirmisher |
| 13:01 | Encolar | Villager (Male) |
| 13:03 | Construir | Farm |
| 13:04 | Construir | Farm |
| 13:15 | Encolar | Skirmisher |
| 13:18 | Investigar | Fletching |
| 13:25 | Encolar | Villager (Male) |
| 13:27 | Construir | Farm |
| 13:37 | Construir | Farm |
| 13:40 | Encolar | Skirmisher |
| 13:50 | Construir | Farm |
| 13:55 | Encolar | Villager (Male) |
| 13:55 | Encolar | Villager (Male) |
| 13:56 | Encolar | Archer |
| 13:57 | Encolar | Archer |
| 14:03 | Construir | Palisade Wall |
| 14:07 | Construir | House |
| 14:12 | Encolar | Archer |
| 14:14 | Construir | House |
| 14:16 | Construir | Palisade Wall |
| 14:17 | Encolar | Villager (Male) |
| 14:33 | Encolar | Villager (Male) |
| 14:36 | Encolar | Villager (Male) |
| 14:40 | Construir | Farm |
| 14:42 | Encolar | Archer |
| 14:58 | Construir | Farm |
| 15:03 | Encolar | Skirmisher |
| 15:11 | Encolar | Archer |
| 15:11 | Encolar | Villager (Male) |
| 15:21 | Construir | Farm |
| 15:31 | Construir | Farm |
| 15:36 | Encolar | Villager (Male) |
| 15:42 | Encolar | Villager (Male) |
| 15:42 | Encolar | Villager (Male) |
| 15:48 | Construir | Lumber Camp |
| 15:54 | Encolar | Villager (Male) |
| 15:55 | Encolar | Villager (Male) |
| 15:59 | Encolar | Archer |
| 16:00 | Encolar | Archer |
| 16:10 | Construir | House |
| 16:26 | Encolar | Villager (Male) |
| 16:35 | Construir | Market |
| 16:37 | Construir | Palisade Wall |
| 17:01 | Encolar | Skirmisher |
| 17:01 | Encolar | Skirmisher |
| 17:01 | Encolar | Villager (Male) |
| 17:02 | Encolar | Villager (Male) |
| 17:16 | Construir | Farm |
| 17:16 | Construir | Farm |
| 17:16 | Construir | Farm |
| 17:21 | Construir | House |
| 17:35 | Construir | Farm |
| 17:35 | Construir | Farm |
| 17:35 | Construir | Farm |
| 17:36 | Construir | Farm |
| 17:42 | Encolar | Archer |
| 18:11 | Encolar | Villager (Male) |
| 18:11 | Encolar | Villager (Male) |
| 18:39 | Investigar | Castle Age |
| 18:47 | Encolar | Archer |
| 18:47 | Encolar | Archer |
| 18:48 | Encolar | Villager (Male) |
| 18:59 | Encolar | Villager (Male) |
| 19:03 | Construir | House |
| 19:15 | Encolar | Archer |
| 19:15 | Encolar | Archer |
| 19:18 | Construir | Archery Range |
| 19:37 | Construir | Lumber Camp |
| 19:44 | Encolar | Archer |
| 19:44 | Encolar | Archer |
| 19:52 | Construir | Palisade Wall |
| 19:56 | Encolar | Archer |
| 20:01 | Investigar | Padded Archer Armor |
Build order — Kyth
Primeras 150 de 247 acciones detectadas
| 0:00 | Encolar | Villager (Male) |
| 0:00 | Encolar | Villager (Male) |
| 0:01 | Encolar | Villager (Male) |
| 0:02 | Construir | House |
| 0:02 | Construir | House |
| 0:09 | Encolar | Villager (Male) |
| 0:10 | Encolar | Villager (Male) |
| 1:29 | Encolar | Villager (Male) |
| 1:30 | Encolar | Villager (Male) |
| 1:45 | Construir | Lumber Camp |
| 1:56 | Encolar | Villager (Male) |
| 1:56 | Encolar | Villager (Male) |
| 2:14 | Encolar | Villager (Male) |
| 2:14 | Encolar | Villager (Male) |
| 2:43 | Encolar | Villager (Male) |
| 3:03 | Encolar | Villager (Male) |
| 3:04 | Encolar | Villager (Male) |
| 3:30 | Encolar | Villager (Male) |
| 3:54 | Encolar | Villager (Male) |
| 3:55 | Encolar | Villager (Male) |
| 3:56 | Construir | House |
| 4:04 | Encolar | Villager (Male) |
| 4:25 | Construir | House |
| 4:29 | Encolar | Villager (Male) |
| 4:29 | Encolar | Villager (Male) |
| 5:04 | Encolar | Villager (Male) |
| 5:04 | Encolar | Villager (Male) |
| 5:04 | Encolar | Villager (Male) |
| 5:05 | Encolar | Villager (Male) |
| 5:05 | Encolar | Villager (Male) |
| 5:29 | Construir | Barracks |
| 6:09 | Investigar | Loom |
| 6:38 | Investigar | Feudal Age |
| 6:51 | Construir | Mining Camp |
| 6:54 | Encolar | Militia |
| 7:12 | Encolar | Militia |
| 7:40 | Encolar | Militia |
| 8:22 | Construir | Mill |
| 8:29 | Construir | Mill |
| 8:32 | Encolar | Villager (Male) |
| 8:36 | Construir | House |
| 8:50 | Edad | Edad Feudal |
| 8:53 | Construir | Archery Range |
| 8:54 | Construir | Archery Range |
| 9:00 | Investigar | Double-Bit Axe |
| 9:02 | Investigar | Man-at-Arms (upgrade) |
| 9:02 | Investigar | Man-at-Arms (upgrade) |
| 9:06 | Encolar | Spearman |
| 9:22 | Encolar | Villager (Male) |
| 9:24 | Encolar | Villager (Male) |
| 9:36 | Construir | Farm |
| 9:51 | Encolar | Archer |
| 9:51 | Encolar | Archer |
| 10:06 | Encolar | Archer |
| 10:07 | Encolar | Archer |
| 10:15 | Encolar | Villager (Male) |
| 10:19 | Construir | House |
| 10:34 | Encolar | Villager (Male) |
| 10:36 | Construir | Farm |
| 11:01 | Encolar | Villager (Male) |
| 11:22 | Encolar | Villager (Male) |
| 11:27 | Construir | Blacksmith |
| 11:48 | Encolar | Archer |
| 11:49 | Encolar | Villager (Male) |
| 12:06 | Investigar | Fletching |
| 12:22 | Encolar | Villager (Male) |
| 12:27 | Encolar | Archer |
| 12:29 | Construir | House |
| 12:31 | Construir | House |
| 12:46 | Encolar | Villager (Male) |
| 12:48 | Construir | Farm |
| 12:48 | Construir | Farm |
| 13:08 | Encolar | Villager (Male) |
| 13:15 | Encolar | Skirmisher |
| 13:17 | Construir | Archery Range |
| 13:19 | Construir | Archery Range |
| 13:29 | Encolar | Villager (Male) |
| 13:42 | Encolar | Skirmisher |
| 13:49 | Investigar | Padded Archer Armor |
| 13:50 | Encolar | Villager (Male) |
| 13:53 | Construir | Farm |
| 13:56 | Construir | House |
| 13:58 | Construir | Palisade Wall |
| 14:05 | Encolar | Archer |
| 14:14 | Encolar | Skirmisher |
| 14:16 | Construir | Farm |
| 14:23 | Encolar | Villager (Male) |
| 14:30 | Encolar | Skirmisher |
| 14:37 | Encolar | Skirmisher |
| 14:55 | Encolar | Villager (Male) |
| 14:55 | Encolar | Archer |
| 14:56 | Encolar | Archer |
| 15:02 | Construir | Farm |
| 15:06 | Encolar | Villager (Male) |
| 15:30 | Encolar | Villager (Male) |
| 15:39 | Encolar | Archer |
| 15:39 | Encolar | Archer |
| 15:45 | Construir | Farm |
| 15:45 | Construir | Farm |
| 15:46 | Construir | Farm |
| 15:49 | Construir | House |
| 15:49 | Construir | House |
| 15:56 | Construir | Farm |
| 16:12 | Encolar | Villager (Male) |
| 16:16 | Encolar | Archer |
| 16:16 | Encolar | Archer |
| 16:28 | Encolar | Skirmisher |
| 16:28 | Encolar | Skirmisher |
| 16:32 | Construir | Farm |
| 16:54 | Encolar | Villager (Male) |
| 16:58 | Encolar | Skirmisher |
| 16:58 | Encolar | Skirmisher |
| 17:08 | Encolar | Villager (Male) |
| 17:21 | Construir | Farm |
| 17:21 | Construir | Farm |
| 17:32 | Encolar | Villager (Male) |
| 17:33 | Encolar | Skirmisher |
| 17:33 | Encolar | Skirmisher |
| 18:03 | Encolar | Villager (Male) |
| 18:06 | Construir | Farm |
| 18:07 | Construir | Farm |
| 18:07 | Construir | Farm |
| 18:14 | Construir | House |
| 18:14 | Construir | House |
| 18:15 | Encolar | Archer |
| 18:33 | Encolar | Villager (Male) |
| 18:34 | Encolar | Archer |
| 18:34 | Encolar | Archer |
| 18:58 | Encolar | Villager (Male) |
| 19:10 | Encolar | Skirmisher |
| 19:13 | Construir | Farm |
| 19:14 | Construir | Farm |
| 19:14 | Construir | Farm |
| 19:22 | Encolar | Villager (Male) |
| 19:23 | Encolar | Archer |
| 19:38 | Construir | Lumber Camp |
| 19:50 | Encolar | Archer |
| 19:51 | Encolar | Villager (Male) |
| 20:03 | Encolar | Villager (Male) |
| 20:07 | Encolar | Skirmisher |
| 20:07 | Encolar | Skirmisher |
| 20:20 | Construir | Farm |
| 20:37 | Encolar | Villager (Male) |
| 20:39 | Encolar | Archer |
| 20:44 | Investigar | Castle Age |
| 20:54 | Encolar | Skirmisher |
| 20:55 | Encolar | Skirmisher |
| 21:09 | Construir | Archery Range |
| 21:13 | Investigar | Horse Collar |
| 21:35 | Encolar | Archer |
Cronología de la partida
| 5:29 | Kyth · first_building Barracks |
| 7:07 | Jinko no jutsu · first_building Barracks |
| 8:10 | Jinko no jutsu · wall_segment Palisade Wall x1 |
| 8:11 | Jinko no jutsu · wall_segment Palisade Wall x1 |
| 8:11 | Jinko no jutsu · wall_segment Palisade Wall x1 |
| 8:12 | Jinko no jutsu · wall_segment Palisade Wall x1 |
| 8:13 | Jinko no jutsu · wall_segment Palisade Wall x1 |
| 8:14 | Jinko no jutsu · wall_segment Palisade Wall x1 |
| 8:15 | Jinko no jutsu · wall_segment Palisade Wall x1 |
| 8:17 | Jinko no jutsu · wall_segment Palisade Wall x1 |
| 8:18 | Jinko no jutsu · wall_segment Palisade Wall x1 |
| 8:20 | Jinko no jutsu · wall_segment Palisade Wall x3 |
| 8:22 | Jinko no jutsu · wall_segment Palisade Wall x1 |
| 8:23 | Jinko no jutsu · wall_segment Palisade Wall x1 |
| 8:25 | Jinko no jutsu · wall_segment Palisade Wall x1 |
| 8:25 | Jinko no jutsu · wall_segment Palisade Wall x1 |
| 8:27 | Jinko no jutsu · wall_segment Palisade Wall x1 |
| 8:31 | Jinko no jutsu · wall_segment Palisade Wall x3 |
| 8:32 | Jinko no jutsu · wall_segment Palisade Wall x1 |
| 8:50 | Kyth · age_up feudal |
| 8:50 | Jinko no jutsu · age_up feudal |
| 8:53 | Kyth · first_building Archery Range |
| 9:05 | Jinko no jutsu · first_building Archery Range |
| 12:14 | Jinko no jutsu · wall_segment Palisade Wall x1 |
| 12:16 | Jinko no jutsu · wall_segment Palisade Wall x1 |
| 13:58 | Kyth · wall_segment Palisade Wall x4 |
| 14:03 | Jinko no jutsu · wall_segment Palisade Wall x4 |
| 14:16 | Jinko no jutsu · wall_segment Palisade Wall x7 |
| 16:37 | Jinko no jutsu · wall_segment Palisade Wall x5 |
| 18:14 | Jinko no jutsu · first_market_sell 100 wood |
| 18:16 | Jinko no jutsu · first_market_buy 100 food |
| 19:52 | Jinko no jutsu · wall_segment Palisade Wall x4 |
| 21:19 | Jinko no jutsu · age_up castle |
| 23:24 | Kyth · age_up castle |
| 24:23 | Jinko no jutsu · first_building Siege Workshop |
| 28:12 | Kyth · first_building Siege Workshop |
| 30:16 | Jinko no jutsu · resign |
[ ANÁLISIS IA · 1 CRÉDITO ]
¿Qué pasó realmente en esta partida?
Wolo.gg analiza cada decisión: build order, eco, micro, errores típicos por bracket. Análisis personalizado por WhatsApp o Discord en 30 segundos.
Guía civ
Sarracenos
Perfil
Jinko no jutsu